 Dungeon Crawl Stone Soup version 0.29.0-13-gc9e81de378 (webtiles) character file.

Game seed: 18301934458458597668

121 Ofeo the Digger (level 5, 33/38 HPs)
             Began as a Meteoran Earth Elementalist on Sept 8, 2022.
             Quit the game on level 3 of the Dungeon.
             The game lasted 00:03:25 (472 turns).

Ofeo the Digger (Meteoran Earth Elementalist)        Turns: 472, Time: 00:03:26

Health: 33/38      AC:  2    Str:  9    XL:     5   Next: 52%
Magic:  7/11       EV: 13    Int: 18    God:
Gold:   34         SH:  0    Dex: 15    Spells: 10/11 levels left

rFire   . . .      SeeInvis .   (no weapon)
rCold   . . .      Faith    .   (no shield)
rNeg    . . .      Spirit   .   a - +0 robe
rPois   .          Reflect  .   (no helmet)
rElec   .          Harm     .   (no cloak)
rCorr   .          Rampage  .   (no gloves)
Will    .....                   (no boots)
Stlth   +.........              (no amulet)
HPRegen 0.12/turn               (no ring)
MPRegen 0.12/turn               (no ring)

@: attractive, glowing
A: sense surroundings 1, otherworldly, glowing, explore regen
a: no special abilities


You were on level 3 of the Dungeon.
You visited 1 branch of the dungeon, and saw 3 of its levels.

You collected 34 gold pieces.

Inventory:

Missiles
 j - 4 curare-tipped darts
Armour
 a - a +0 robe (worn)
Scrolls
 c - a scroll of butterflies
Potions
 b - a potion of magic
 d - 2 potions of haste {unknown}
 g - 2 potions of might {@q4}
 q - a potion of curing {@q1}


   Skills:
 + Level 3.4 Dodging
 + Level 2.2 Stealth
 + Level 3.6 Spellcasting
 + Level 2.6 Transmutations
 + Level 4.4 Earth Magic


You had 10 spell levels left.
You knew the following spells:

 Your Spells              Type           Power      Damage    Failure   Level
a - Sandblast             Erth           38%        2d10      2%          1

Your spell library contained the following spells:

 Spells                   Type           Power      Damage    Failure   Level
 Passwall                 Tmut/Erth      13%        N/A       5%          2
 Stone Arrow              Conj/Erth      22%        3d8       19%         3
 Scorch                   Fire           6%         2d5       24%         2
 Petrify                  Tmut/Erth      16%        N/A       34%         4
 Flame Wave               Conj/Fire      3%         2d5       83%         4
 Summon Cactus Giant      Summ           1%         N/A       100%        6


Dungeon Overview and Level Annotations

Branches:
Dungeon (3/15) Zot: 1300

Altars:

Shops:
D:1 :


Innate Abilities, Weirdness & Mutations

You passively map a small area around you.
You are easily found by Zot.
You glow in the dark.
You regain HP and MP as you explore.


Message History

It was a potion of might.
You feel very mighty all of a sudden.
It was a potion of attraction.
You feel attractive to monsters.
It was a potion of curing.
You feel better.
q - a potion of curing Your surroundings suddenly seem different.
There is an open door here.
Unknown command.
There is an open door here.
Found a stone staircase leading down.
There is a stone staircase leading down here.
You climb downwards.
The kobold is attracted toward you. The worm is attracted toward you.
Found 4 poisoned darts and a green potion.
There is a stone staircase leading up here.
Casting: Sandblast (safe; 2% risk of failure)
Confirm with . or Enter, or press ? or * to list all spells.
The blast of sand hits the kobold.
You kill the kobold!
The worm is attracted toward you.
You now have 10/11 mp.
Casting: Sandblast (safe; 2% risk of failure)
Confirm with . or Enter, or press ? or * to list all spells.
The blast of sand hits the worm!
The worm is almost dead.
The worm bites you.
You take 5 damage, and have 33/38 hp.
You now have 9/11 mp.
Casting: Sandblast (safe; 2% risk of failure)
Confirm with . or Enter, or press ? or * to list all spells.
The blast of sand misses the worm.
You feel a little less mighty now. The worm barely misses you.
You now have 8/11 mp.
Casting: Sandblast (safe; 2% risk of failure)
Confirm with . or Enter, or press ? or * to list all spells.
The blast of sand hits the worm!
You kill the worm!
You now have 7/11 mp.
Are you sure you want to abandon this character and quit the game? (Confirm with "yes".)

* ** * * ,
, , , , ,,,
, , , , ,,
, ,, ### *
, * #@#, *
#..)....(#
#........#
*
#........#
#........#
*
#....!.....
#........##
###.######
, *


There were no monsters in sight!

Vanquished Creatures
  Natasha (thrice) (D:2)
  An adder (D:2)
  A dart slug (D:2)
  A worm (D:3)
  An endoplasm (D:1)
  2 giant cockroaches
  8 goblins (D:2)
  6 hobgoblins (D:2)
  A kobold (D:3)
  2 quokkas (D:2)
  3 ball pythons (D:1)
  A bat (D:1)
  3 frilled lizards (D:2)
  2 rats
35 creatures vanquished.

Notes
Turn   | Place    | Note
-------+----------+-------------------------------------------
     0 | D:1      | Ofeo the Meteoran Earth Elementalist began the quest for
                  | the Orb.
     0 | D:1      | Reached XP level 1. HP: 14/14 MP: 5/5
    38 | D:1      | Found Qeal's Book Boutique.
    52 | D:1      | Reached XP level 2. HP: 20/20 MP: 1/6
   175 | D:2      | Reached XP level 3. HP: 26/26 MP: 6/8
   213 | D:2      | Reached skill level 4 in Earth Magic
   268 | D:2      | Noticed Natasha
   276 | D:2      | Killed Natasha
   277 | D:2      | Reached XP level 4. HP: 21/33 MP: 3/9
   313 | D:2      | Noticed Natasha
   321 | D:2      | Killed Natasha
   322 | D:2      | Reached XP level 5. HP: 14/38 MP: 1/11
   379 | D:2      | Noticed Natasha
   384 | D:2      | Killed Natasha
   472 | D:3      | Quit the game

Illustrated notes

Levels and vault maps discovered:
D:1:      minmay_arrival_solitary_statue, layout_rooms, serial_shops, shop
D:2:      layout_basic, serial_shops, nicolae_shop_advertising_works
          [nicolae_subvault_shop_adworks], minmay_goblin_outpost, uniq_natasha
D:3:      layout_basic, shapermc_ecumenical_altar_ellora

Skill      XL: |  1  2  3  4 |
---------------+-------------+-----
Spellcasting   | 3 |  3.6
Earth Magic    | 4 |  4.4
Transmutations | 2 |  2.6
Dodging        | 3 |  3.4
Stealth        | 2 |  2.2

Action                   |  1- 3 |  4- 6 || total
-------------------------+-------+-------++-------
Melee: Unarmed           |     5 |       ||     5
 Cast: Sandblast         |    34 |    22 ||    56
  Use: Scroll            |     3 |     3 ||     6
       Potion            |       |     3 ||     3
Armor: Robe              |     9 |       ||     9
Dodge: Dodged            |    14 |     6 ||    20
